AoeStats
← oMg

MegaRandom

509247837Analyzed
3v3 RM · 21d ago on Sep 26, 2026· 27m 19s· 6 players
Game mode
Random Map
Map size
Normal (6 player)
Population
200
Speed
Normal
Resources
Standard
Victory
Conquest
Starting age
Dark Age
Ending age
Imperial Age
RankedLock teamsTeams togetherTeam positionsShared explorationLock speedFull tech treeHidden civsTurbo modeCheats
Victory
Defeat
🇦🇷 Persians · Argentina
1234
+12
🇦🇷 Dravidians · Argentina
1144
+16
🇦🇷 Koreans · Argentina
1106
+19
vs
🇨🇴 Danes · Colombia
1199
-18
🇨🇴 Celts · Colombia
1134
-15
🇨🇴 Mongols · Colombia
1111
-14
Ctrl Gio
6:09 Loom
9:47 Feudal Age
10:46 Double-Bit Axe
16:41 Forging
24:16 Castle Age
23:21 Bloodlines
23:19 Scale Barding Armor
23:08 Gold Mining
juandicemo
8:15 Loom
10:40 Feudal Age
15:31 Castle Age
14:10 Double-Bit Axe
21:25 Horse Collar
21:59 Bow Saw
23:09 Fletching
24:19 Pikeman
julianlgp
8:23 Loom
13:59 Feudal Age
14:08 Man-at-Arms
15:23 Town Watch
15:36 Double-Bit Axe
17:52 Gold Mining
18:41 Horse Collar
28:16 Castle Age
[Tps] RamsasII
6:36 Loom
9:45 Feudal Age
10:26 Double-Bit Axe
11:38 Horse Collar
17:09 Wheelbarrow
17:17 Gold Mining
18:45 Scale Barding Armor
22:51 Castle Age
21:02 Forging
21:19 Bloodlines
23:55 Bow Saw
24:43 Chain Barding Armor
24:13 Light Cavalry
24:57 Husbandry
[Tps] Atila
6:43 Loom
9:54 Feudal Age
14:06 Double-Bit Axe
22:54 Castle Age
21:10 Gold Mining
22:18 Fletching
22:29 Horse Collar
23:05 Crossbowman
24:19 Bodkin Arrow
24:36 Thumb Ring
26:45 Wheelbarrow
oMg
7:01 Loom
9:57 Feudal Age
13:57 Double-Bit Axe
21:23 Castle Age
19:53 Fletching
21:29 Padded Archer Armor
21:27 Crossbowman
22:53 Bodkin Arrow
24:23 Leather Archer Armor
25:28 Wheelbarrow
26:06 Ballistics
Connection lost

Rejoining the realm…

Still unreachable

The connection could not be restored.

Session expired

The server has moved on; the page needs a fresh start.